 Dungeon Crawl Stone Soup version 0.29.1-4-g47bece8355 (webtiles) character file.

Game seed: 10432722288445455030

3493 razgard the Grappler (level 9, -31/89 HPs)
             Began as a Troll Berserker on Dec 8, 2022.
             Was an Elder of Trog.
             Annihilated by a boulder beetle (57 damage)
             ... on level 7 of the Dungeon.
             The game lasted 00:12:05 (5418 turns).

razgard the Grappler (Troll Berserker)              Turns: 5418, Time: 00:12:06

Health: -31/89     AC:  4    Str: 29    XL:     9   Next: 80%
Magic:  8/8        EV: 10    Int:  5    God:    Trog [****..]
Gold:   245        SH:  0    Dex: 15    Spells: 8/8 levels left

rFire   + . .      SeeInvis .     - Unarmed
rCold   . . .      Faith    .   (no shield)
rNeg    . . .      Spirit   .   a - +0 animal skin
rPois   .          Reflect  .   p - +0 hat
rElec   .          Harm     .   d - scarf {repulsion}
rCorr   .          Rampage  .   (gloves unavailable)
Will    ++...                   (boots unavailable)
Stlth   +.........              K - amulet of regeneration
HPRegen 2.84/turn               b - +6 ring of dexterity
MPRegen 0.11/turn               s - ring of protection from fire

@: strong-willed (expiring), regenerating (expiring), repel missiles
A: large, unfitting armour, claws 3, regeneration 1, shaggy fur 1, tough skin 1
a: Renounce Religion, Berserk, Trog's Hand, Brothers in Arms


You were on level 7 of the Dungeon.
You worshipped Trog.
Trog was greatly pleased with you.
You visited 1 branch of the dungeon, and saw 7 of its levels.
You also visited: Sewer.

You collected 312 gold pieces.
You spent 67 gold pieces at shops.

Inventory:

Hand Weapons
 G - a +0 giant spiked club
Missiles
 w - 2 silver javelins (quivered)
Armour
 a - a +0 animal skin (worn)
 d - a scarf of repulsion (worn)
 p - a +0 hat (worn)
Jewellery
 b - a +6 ring of dexterity (left claw)
 h - an amulet of magic regeneration
 s - a ring of protection from fire (right claw)
 I - an amulet of faith
 K - an amulet of regeneration (around neck)
 L - a ring of resist corrosion
Wands
 x - a wand of paralysis (8)
 y - a wand of iceblast (9)
 D - a wand of flame (42)
 E - a wand of mindburst (15)
Scrolls
 c - 2 scrolls of summoning
 j - 7 scrolls of identify {unknown}
 l - a scroll of acquirement {unknown}
 m - 5 scrolls of teleportation {unknown}
 n - a scroll of immolation {unknown}
 o - a scroll of brand weapon {unknown}
 q - a scroll of noise
 t - 2 scrolls of enchant weapon {unknown}
 u - a scroll of vulnerability {unknown}
 A - a scroll of magic mapping {unknown}
 B - a scroll of butterflies {unknown}
 C - 2 scrolls of amnesia {unknown}
 F - a scroll of fear {unknown}
 J - a scroll of torment {unknown}
Potions
 e - 7 potions of heal wounds
 f - 5 potions of curing
 g - 2 potions of lignification {unknown}
 i - 6 potions of flight
 k - a potion of might
 r - 2 potions of mutation
 v - 2 potions of berserk rage {unknown}
 z - a potion of brilliance {unknown}
 H - a potion of cancellation {unknown}


   Skills:
 * Level 5.9 Fighting
 + Level 2.5 Maces & Flails
 - Level 3.1 Throwing
 - Level 2.5 Dodging
 + Level 11.8 Unarmed Combat


You had 8 spell levels left.
You didn't know any spells.
Your spell library was empty.

Dungeon Overview and Level Annotations

Branches:
Dungeon (7/15)             Temple (0/1) D:4           Sewer (visited)

Altars:
Makhleb
Sif Muna
Vehumet

Shops:
D:3 (   D:6 !(!:


Innate Abilities, Weirdness & Mutations

You are too large for most types of armour.
You have claws for hands.
Your natural rate of healing is unusually fast.
You are covered in fur. (AC +1)
You have tough skin. (AC +1)


Message History

You are too injured to fight recklessly!
You are too injured to fight recklessly!
You are too injured to fight recklessly!
The komodo dragon attacks as you move away!
The komodo dragon bites you!!
* * * LOW HITPOINT WARNING * * *
Your skin crawls.
You feel strong-willed. Trog will no longer gift you weapons.
The komodo dragon misses you.
Your ogre goes berserk!
The komodo dragon bites you!
* * * LOW HITPOINT WARNING * * *
The komodo dragon attacks as you move away!
The komodo dragon barely misses you.
You swap places.
Something barely misses your ogre.
Your ogre closely misses the komodo dragon.
The komodo dragon bites your ogre.
Your ogre hits the komodo dragon with a +0 giant club!!
The komodo dragon dies!
Trog accepts your kill.
Your ogre hits the boulder beetle with a +0 giant club!!
The boulder beetle bites your ogre!!
Your ogre hits the boulder beetle with a +0 giant club!
The boulder beetle bites your ogre!!
Your ogre dies!
Your ogre's corpse disappears in a puff of smoke!
The boulder beetle curls into a ball and begins rolling!
There is an open door here.
There's a creature in the doorway!
The boulder beetle attacks as you move away!
The boulder beetle hits you!!
* * * LOW HITPOINT WARNING * * *
The boulder beetle stops rolling and uncurls.
The boulder beetle curls into a ball and begins rolling!
You feel the effects of Trog's Hand fading.
The boulder beetle attacks as you move away!
The boulder beetle hits you!!!
Ouch! That really hurt!
You die...

#.......#...#.....#............
#......○#...#.....'............
#.......#...'.....#............
#......c#########.#............
#####......###.##.#############
#......#...#...............
#.....c#...#...............
#......°...#...............
#......#°B@#...............
#......#...'...............
#......#^..##...##.##..####
#......###########.##..###.
####'##.....#...#.....[....
#.....#.....#...#..........
#.....#.....#...#..........
#....>#.....'...#..........
#######.....###############


You could see a boulder beetle (rolling) and a centaur.

Vanquished Creatures
  Pikel (D:5)
  Grinder (D:5)
  A slime creature (D:7)
  An acid dragon (D:5)
  An orc warrior (D:6)
  2 black bears
  3 ogres
  4 centaurs
  A lemure (D:5)
  A kobold brigand (D:7)
  2 phantoms
  A bullfrog (D:4)
  2 scorpions
  A necrophage (D:5)
  3 hounds
  2 orc priests
  Ijyb (D:3)
  Natasha (thrice) (D:3)
  5 iguanas
  9 orc wizards
  7 gnolls
  15 adders
  4 river rats (Sewer)
  A shadow imp (D:6)
  A white imp (D:6)
  3 ufetubi
  A worm (Sewer)
  2 dart slugs
  14 orcs
  15 bats
  7 endoplasms
  8 giant cockroaches
  3 hobgoblins
  4 jackals
  9 quokkas
  19 ball pythons
  8 frilled lizards
  12 goblins
  8 kobolds
  2 rats
188 creatures vanquished.

Vanquished Creatures (collateral kills)
  A komodo dragon (D:7)
  A quokka (D:4)
2 creatures vanquished.

Grand Total: 190 creatures vanquished

Notes
Turn   | Place    | Note
-------+----------+-------------------------------------------
     0 | D:1      | razgard the Troll Berserker began the quest for the Orb.
     0 | D:1      | Reached XP level 1. HP: 22/22 MP: 0/0
   119 | D:1      | Reached XP level 2. HP: 29/29 MP: 1/1
   468 | D:1      | Reached XP level 3. HP: 36/36 MP: 2/2
   612 | D:2      | Reached ** piety under Trog
   758 | D:2      | Identified the +0 ring mail "Firumof" {+Blink rC+ Will-
                  | SInv}
   960 | D:2      | Reached skill level 4 in Unarmed Combat
  1063 | D:3      | Noticed Natasha
  1065 | D:3      | Killed Natasha
  1066 | D:3      | Reached XP level 4. HP: 45/45 MP: 3/3
  1129 | D:3      | Found a glowing drain.
  1142 | Sewer    | Entered a sewer
  1331 | Sewer    | Reached skill level 5 in Unarmed Combat
  1331 | Sewer    | Reached XP level 5. HP: 37/53 MP: 4/4
  1512 | Sewer    | Reached *** piety under Trog
  1967 | D:3      | Reached skill level 6 in Unarmed Combat
  1973 | D:3      | Reached XP level 6. HP: 59/61 MP: 5/5
  1973 | D:3      | Noticed Natasha
  1986 | D:3      | Killed Natasha
  1992 | D:3      | Noticed Natasha
  1998 | D:3      | Killed Natasha
  2301 | D:3      | Found Ciuthac's Weapon Emporium.
  2469 | D:3      | Noticed Ijyb
  2472 | D:3      | Paralysed by Ijyb for 3 turns
  2478 | D:3      | Killed Ijyb
  2704 | D:4      | Reached skill level 7 in Unarmed Combat
  2804 | D:4      | Reached XP level 7. HP: 44/67 MP: 6/6
  2845 | D:4      | Reached **** piety under Trog
  2887 | D:4      | Reached skill level 1 in Throwing
  3005 | D:4      | Found a staircase to the Ecumenical Temple.
  3091 | D:4      | Found a shimmering blue altar of Sif Muna.
  3110 | D:4      | Reached skill level 8 in Unarmed Combat
  3202 | D:5      | Entered Level 5 of the Dungeon
  3209 | D:5      | Found a burning altar of Makhleb.
  3338 | D:5      | Noticed Grinder
  3346 | D:5      | Killed Grinder
  3347 | D:5      | Reached skill level 9 in Unarmed Combat
  3347 | D:5      | Reached XP level 8. HP: 78/78 MP: 7/7
  3809 | D:5      | Noticed Pikel
  3821 | D:5      | Killed Pikel
  3822 | D:5      | Reached skill level 10 in Unarmed Combat
  4037 | D:6      | Reached XP level 9. HP: 84/84 MP: 8/8
  4083 | D:6      | Reached skill level 11 in Unarmed Combat
  4190 | D:6      | Found Ylousom's Distillery.
  4212 | D:6      | Bought a potion of degeneration for 15 gold pieces
  4389 | D:6      | Found Catuidd's Weapon Boutique.
  4396 | D:6      | Found Gaiboreg's Distillery.
  4413 | D:6      | Bought a potion of curing for 30 gold pieces
  4425 | D:6      | Bought a +0 giant spiked club for 22 gold pieces
  4807 | D:6      | Found Fiqitrewn's Book Boutique.
  5100 | D:7      | Found a radiant altar of Vehumet.
  5126 | D:7      | Reached skill level 1 in Maces & Flails
  5160 | D:7      | Reached skill level 5 in Fighting
  5203 | D:7      | Reached ***** piety under Trog
  5387 | D:7      | Noticed a boulder beetle
  5389 | D:7      | Noticed a komodo dragon
  5406 | D:7      | Killed a komodo dragon
  5418 | D:7      | Annihilated by a boulder beetle

Illustrated notes

Levels and vault maps discovered:
D:1:      lightli_arrival_statue_moat, layout_basic, minmay_misc_feat_rows
D:2:      layout_basic
D:3:      layout_basic, serial_shops, nicolae_shop_hallway_plus,
          gup_sewer_entry_pipe, uniq_natasha, uniq_ijyb
D:4:      layout_rooms, mainiacjoe_overflow_alcove_4,
          minmay_temple_entry_enclosed_plants
D:5:      layout_gridville, mainiacjoe_overflow_boulevard, uniq_pikel,
          uniq_grinder
D:6:      layout_basic, serial_shops, nicolae_stop_n_shop_2, shop,
          kennysheep_mini_moat, nicolae_shop_temple_entry_statues_fountains,
          hangedman_abyss_or_decor_jellyfish_corner
D:7:      minmay_blocky_corners, layout_gridville, nicolae_vehumet_radiance,
          minivault_25, uniq_menkaure

Skill      XL: |  1  2  3  4  5  6  7  8  9 |
---------------+----------------------------+-----
Fighting       | 3 4 5 |  5.9
Unarmed Combat | 4 5 6 7 9 10 11 | 11.8
Throwing       | 1 2 3 |  3.1
Maces & Flails | 2 |  2.5
Dodging        | |  2.5

Action                   |  1- 3 |  4- 6 |  7- 9 || total
-------------------------+-------+-------+-------++-------
Melee: Unarmed           |    82 |   182 |   166 ||   430
       Punch             |       |     6 |     9 ||    15
Throw: Javelin           |       |       |     1 ||     1
Invok: Berserk           |       |     3 |     4 ||     7
       Trog's Hand       |       |       |     4 ||     4
       Brothers in Arms  |       |       |     1 ||     1
Evoke: Wand              |       |       |     3 ||     3
  Use: Scroll            |       |       |     1 ||     1
       Potion            |       |       |     1 ||     1
 Stab: Sleeping          |       |     5 |     7 ||    12
Armor: Animal skin       |    34 |    60 |    37 ||   131
Dodge: Dodged            |    46 |    88 |    96 ||   230
